 Dungeon Crawl Stone Soup version 0.29-a0-732-g3d7fbe0af2 (webtiles) character file.

Game seed: 11865647406066134533

2 xian the Magician (level 1, 0/13 HPs)
             Began as a Demonspawn Wanderer on June 29, 2022.
             Slain by a quokka (2 damage)
             ... on level 1 of the Dungeon.
             The game lasted 00:00:26 (62 turns).

xian the Magician (Demonspawn Wanderer)               Turns: 62, Time: 00:00:27

Health: 0/13       AC:  3    Str: 11    XL:     1   Next: 25%
Magic:  3/3        EV: 12    Int: 14    God:
Gold:   0          SH:  0    Dex: 12    Spells: 3/4 levels left

rFire   . . .      SeeInvis .   a - +0 dagger
rCold   . . .      Faith    .   (no shield)
rNeg    . . .      Spirit   .   f - +0 robe
rPois   .          Reflect  .   d - +0 helmet
rElec   .          Harm     .   (no cloak)
rCorr   .          Rampage  .   (no gloves)
Will    .....                   (no boots)
Stlth   ++........              (no amulet)
HPRegen 0.04/turn               (no ring)
MPRegen 0.08/turn               (no ring)

@: no status effects
A: no striking features
a: no special abilities


You were on level 1 of the Dungeon.
You visited 1 branch of the dungeon, and saw 1 of its levels.

Inventory:

Hand Weapons
 a - a +0 dagger (weapon)
Missiles
 b - an atropa-tipped dart (quivered)
 c - 2 datura-tipped darts
Armour
 d - a +0 helmet (worn)
 f - a +0 robe (worn)
Scrolls
 h - a scroll of blinking
Potions
 e - a potion of lignification
 g - a potion of degeneration {unknown}


   Skills:
 + Level 1.8 Armour
 + Level 1.8 Dodging
 + Level 1.8 Stealth
 + Level 2.0 Spellcasting
 + Level 1.8 Translocations


You had 3 spell levels left.
You knew the following spells:

 Your Spells              Type           Power      Damage    Failure   Level
a - Apportation           Tloc           12%        N/A       12%         1

Your spell library contained the following spells:

 Spells                   Type           Power      Damage    Failure   Level
 Teleport Other           Tloc           6%         N/A       34%         3


Dungeon Overview and Level Annotations

Branches:
Dungeon (1/15)

Altars:


Message History

Blink to where?
Press: ? - help, Dir - move target
As you read the scroll labelled WIEDIJOLIL, it crumbles to dust.
It was a scroll of blinking.
The helpless goblin fails to defend itself.
You puncture the goblin!
You kill the goblin!
You see here a +0 dagger.
You see here a +0 dagger.
A quokka comes into view.
A quokka is nearby!
You see here 4 gold pieces.
You closely miss the quokka. The quokka misses you.
You barely miss the quokka. The quokka barely misses you.
You hit the quokka.
The quokka is lightly wounded.
The quokka bites you. x2
You miss the quokka.
The quokka is lightly wounded.
The quokka misses you.
You barely miss the quokka.
The quokka is lightly wounded.
The quokka bites you.
You barely miss the quokka.
The quokka is lightly wounded.
The quokka barely misses you.
You hit the quokka.
The quokka is moderately wounded.
The quokka bites you.
You barely miss the quokka.
The quokka is moderately wounded.
The quokka closely misses you. The quokka bites you.
* * * LOW HITPOINT WARNING * * *
You hit the quokka.
The quokka is moderately wounded.
The quokka completely misses you.
You hit the quokka.
The quokka is heavily wounded.
The quokka bites you.
You die...

.<..'..#
+.#..#.......##..
....#..#
#.#'##.#...#.....
#####..#
..#..#.#......#. #....
..#..#.#....#.#
##############....#...
.##....#......##.
.........###..#.
..##..##.........
......r@$.........
####......#####...
#....#.#..###
............#
####...#....#
........#..#
.##.#####.)### #.
##...# . #...#


You could see a quokka.

Vanquished Creatures
  An endoplasm (D:1)
  A goblin (D:1)
2 creatures vanquished.

Notes
Turn   | Place    | Note
-------+----------+-------------------------------------------
     0 | D:1      | xian the Demonspawn Wanderer began the quest for the Orb.
     0 | D:1      | xian set off with the following items: a +0 dagger, an
                  | atropa-tipped dart, 2 datura-tipped darts, a +0 helmet, a
                  | potion of lignification, a +0 robe; and the following spell
                  | memorised: Apportation; and the following spells available
                  | to memorise: Teleport Other.
     0 | D:1      | Reached XP level 1. HP: 13/13 MP: 3/3
    62 | D:1      | Slain by a quokka

Illustrated notes

Levels and vault maps discovered:
D:1:      dpeg_arrival_erosion, layout_rooms, serial_curves, eino_curves_02,
          eino_curves_02

Action                   || total
-------------------------++-------
Melee: Dagger            ||    12
  Use: Scroll            ||     1
 Stab: Sleeping          ||     2
Dodge: Dodged            ||     6

Table legend: (Time is in decaauts)
 A = Elapsed time spent in this place.
 B = Non-inter-level travel time spent in this place.
 C = Inter-level travel time spent in this place.
 D = Time resting spent in this place.
 E = Time spent auto-exploring this place.
 F = Levels seen in this place.
 G = Mean time per level.
                   A        B        C        D        E       F      G
               +--------+--------+--------+--------+--------+-----+--------+
         Total |     62 |     62 |      0 |      0 |     28 |   1 |   62.0 |
       Dungeon |     62 |     62 |      0 |      0 |     28 |   1 |   62.0 |
               +--------+--------+--------+--------+--------+-----+--------+

Top non-repeatable levels by time:
     D:1: 62 daAuts
